 Dungeon Crawl Stone Soup version 0.29.1-1-gd02db6906a (webtiles) character file.

Game seed: 12655164022040516982

43 Earthwalker the Shield-Bearer (level 3, -4/33 HPs)
             Began as a Minotaur Fighter on Oct 22, 2022.
             Slain by a gnoll
             ... wielding a +0 halberd
              (11 damage)
             ... on level 2 of the Dungeon.
             The game lasted 00:01:17 (836 turns).

Earthwalker the Shield-Bearer (Minotaur Fighter)     Turns: 836, Time: 00:01:17

Health: -4/33      AC:  7    Str: 22    XL:     3   Next: 37%
Magic:  2/2        EV:  9    Int:  5    God:
Gold:   31         SH:  4    Dex:  9    Spells: 2/2 levels left

rFire   . . .      SeeInvis .   a - +0 war axe
rCold   . . .      Faith    .   c - +0 buckler
rNeg    . . .      Spirit   .   b - +0 scale mail
rPois   .          Reflect  .   (helmet restricted)
rElec   .          Harm     .   (no cloak)
rCorr   .          Rampage  .   (no gloves)
Will    .....                   (no boots)
Stlth   ..........              (no amulet)
HPRegen 0.11/turn               (no ring)
MPRegen 0.08/turn               (no ring)

@: no status effects
A: horns 2, retaliatory headbutt
a: no special abilities


You were on level 2 of the Dungeon.
You visited 1 branch of the dungeon, and saw 2 of its levels.

You collected 31 gold pieces.

Inventory:

Hand Weapons
 a - a +0 war axe (weapon)
Armour
 b - a +0 scale mail (worn)
 c - a +0 buckler (worn)
Jewellery
 h - an amulet of the acrobat
Scrolls
 e - a scroll of blinking {unknown}
 f - a scroll of immolation {unknown}
 g - a scroll of enchant armour {unknown}
Potions
 d - a potion of might


   Skills:
 * Level 4.1 Fighting
 * Level 3.0 Axes
 * Level 4.1 Armour
 + Level 0.7 Dodging
 * Level 4.1 Shields


You had 2 spell levels left.
You didn't know any spells.
Your spell library was empty.

Dungeon Overview and Level Annotations

Branches:
Dungeon (2/15)

Altars:


Innate Abilities, Weirdness & Mutations

You have a pair of horns on your head.
You reflexively headbutt those who attack you in melee.


Message History

The ball python grabs you. The ball python constricts you.
You closely miss the ball python. The ball python bites you.
The ball python constricts you.
You slash the ball python!
You kill the ball python!
The bat hits you but does no damage. x2; The bat barely misses you.
You miss the bat. Your headbutt misses the bat.
The bat hits you but does no damage. The bat barely misses you.
You block the bat's attack.
You slash the bat!
You kill the bat!
The gnoll barely misses you.
Your Axes skill increases to level 3!
You slash the gnoll! Your headbutt misses the gnoll.
The gnoll is almost dead.
The gnoll barely misses you. The gnoll hits you with a +0 club.
You closely miss the gnoll. Your headbutt misses the gnoll.
The gnoll is severely wounded.
The gnoll hits you from afar with a +0 halberd.
The gnoll hits you with a +0 club.
You hit the gnoll.
You kill the gnoll!
The gnoll hits you from afar with a +0 halberd!
* * * LOW HITPOINT WARNING * * *
The gnoll hits you but does no damage.
You are too injured to fight recklessly!
You see here a quokka corpse.
You are too injured to fight recklessly!
You are too injured to fight recklessly!
The gnoll barely misses you. You furiously retaliate!
You headbutt the gnoll. You closely miss the gnoll.
The gnoll is lightly wounded.
You block the gnoll's attack.
You closely miss the gnoll.
The gnoll is lightly wounded.
The gnoll hits you but does no damage.
You hit the gnoll.
The gnoll is moderately wounded.
The gnoll hits you with a +0 halberd!
You die...

#...<.... #........ .
#........ g. #........ .g.
#...........# g...
#...........# g....
#...........########......
#...........##.†@gggg.....
)............#.#####......
#..^.........#.# ...).
#............#.## ....
................# ...
.#####+##'####..# ..
.......##.####...# .
###................ #
#######.#....##.##


You could see 3 gnolls and a goblin.

Vanquished Creatures
  A gnoll (D:2)
  A dart slug (D:1)
  2 ball pythons (D:2)
  3 bats
  2 endoplasms (D:1)
  2 goblins (D:1)
  3 hobgoblins (D:1)
  4 jackals (D:2)
  4 kobolds
  2 quokkas
  3 rats (D:1)
27 creatures vanquished.

Notes
Turn   | Place    | Note
-------+----------+-------------------------------------------
     0 | D:1      | Earthwalker the Minotaur Fighter began the quest for the
                  | Orb.
     0 | D:1      | Reached XP level 1. HP: 19/19 MP: 0/0
   111 | D:1      | Reached XP level 2. HP: 27/27 MP: 1/1
   316 | D:1      | Found a faded altar of an unknown god.
   735 | D:2      | Reached XP level 3. HP: 27/33 MP: 2/2
   836 | D:2      | Slain by a gnoll

Illustrated notes

Levels and vault maps discovered:
D:1:      minmay_arrival_up_and_down, layout_loops_ring,
          dreamdust_ecumenical_altar_angels_and_demons
D:2:      layout_basic, minmay_fountain_box, hex_intersection

Skill      XL: |  1  2  3 |
---------------+----------+-----
Shields        | 4 |  4.1
Armour         | 4 |  4.1
Fighting       | 4 |  4.1
Axes           | 3 |  3.0
Dodging        | |  0.7

Action                   || total
-------------------------++-------
Melee: War axe           ||    64
       Headbutt          ||     4
Armor: Scale mail        ||    37
Dodge: Dodged            ||    31
Block: Buckler           ||    11
